 Dungeon Crawl Stone Soup version 0.21-a0-201-g8501b10 (webtiles) character file.

1619 Ijustatesigmund the Basher (level 8, 0/87 HPs)
             Began as an Octopode Fighter on Aug 17, 2017.
             Slain by a hippogriff (8 damage)
             ... on level 6 of the Dungeon.
             The game lasted 00:11:23 (6303 turns).

Ijustatesigmund the Basher (Octopode Fighter)       Turns: 6303, Time: 00:11:24

Health: 0/87       AC:  1    Str: 20    XL:     8   Next: 96%
Magic:  8/8        EV: 11    Int: 10    God:
Gold:   327        SH:  9    Dex: 14    Spells: 6/7 levels left

rFire    . . .     SeeInvis .   a - +0 flail
rCold    . . .     Gourm    .   b - +0 shield
rNeg     . . .     Faith    .   (helmet restricted)
rPois    +         Spirit   .   (no amulet)
rElec    .         Reflect  .   s - ring of poison resistance
rCorr    .         Harm     .   (no ring)
MR       .....                  (no ring)
Stlth    ..........             (no ring)
HPRegen  0.24/turn              (no ring)
MPRegen  0.11/turn              (no ring)
                                (no ring)
                                (no ring)

@: berserking, drained, very quick
A: almost no armour, stealthy swim, amphibious, 8 rings, constrict 8, camouflage
1, gelatinous body 1
a: no special abilities


You were on level 6 of the Dungeon.
You were not hungry.

You visited 1 branch of the dungeon, and saw 6 of its levels.

You collected 327 gold pieces.

Inventory:

Hand Weapons
 a - a +0 flail (weapon)
Armour
 b - a +0 shield (worn)
 u - a +0 large shield
Jewellery
 s - a ring of poison resistance (left tentacle)
Wands
 f - a wand of scattershot (1/9)
 k - a wand of random effects (11/48)
 l - a wand of iceblast (8/15)
 q - a wand of iceblast (9/15)
 r - a wand of confusion (18/48)
 t - a wand of digging (7/24)
Scrolls
 m - 2 scrolls of identify
 w - a scroll of remove curse
Potions
 c - a potion of lignification
 h - 2 potions of brilliance
 o - 2 potions of might
 p - 2 potions of curing
 v - a potion of flight
 x - a potion of haste
Books
 e - a book of Changes

   Spells                             Type                      Level
   a - Beastly Appendage              Transmutation                1
   b - Sticks to Snakes               Transmutation                2
   c - Spider Form                    Transmutation/Poison         3
   d - Ice Form                       Ice/Transmutation            4
   e - Blade Hands                    Transmutation                5
Comestibles
 d - 2 bread rations
 g - a meat ration
 i - 4 fruits


   Skills:
 + Level 6.7(6.2) Fighting
 * Level 9.2(8.7) Maces & Flails
 - Level 3.0(2.5) Dodging
 - Level 3.0(2.5) Shields
 - Level 1.9(1.5) Transmutations


You had 6 spell levels left.
You knew the following spells:

 Your Spells              Type           Power        Failure   Level  Hunger
a - Beastly Appendage     Tmut           #.....       71%         1    ##.....


Dungeon Overview and Level Annotations

Branches:
Dungeon (6/15)
 Temple: D:4-7

Altars:
Dithmenos
Elyvilon
Hepliaklqana
Kikubaaqudgha
Ru
Trog
Wu Jian
Xom
Yredelemnul


Innate Abilities, Weirdness & Mutations

You cannot wear most types of armour.
You are very stealthy in the water. (Stealth+)
You are amphibious.
You can wear up to eight rings at the same time.
You can use your tentacles to constrict eight enemies at once.
Your skin changes colour to match your surroundings (Stealth+).
Your rubbery body absorbs attacks. (AC +1, EV +1)


Message History

You are too injured to fight recklessly!
You are too injured to fight recklessly!
You are too injured to fight recklessly!
You are too injured to fight recklessly!
You are too injured to fight recklessly!
You are too injured to fight recklessly!
You are too injured to fight recklessly!
You are too injured to fight recklessly!
A red film seems to cover your vision as you go berserk!
You feel yourself moving faster!
You feel mighty! The hippogriff bites you.
* * * LOW HITPOINT WARNING * * *
The hippogriff pecks you!
* * * LOW HITPOINT WARNING * * *
You block the hippogriff's attack.
You hit the hippogriff. You squeeze the hippogriff!
The hippogriff is almost dead.
You block the hippogriff's attack. The hippogriff pecks you!
* * * LOW HITPOINT WARNING * * *
The hippogriff claws you!
You die...

..###..##.#######
#..............# #
#.......#####.# #.
##....#.# #.# #.
#(.(...# #.#
#.######.#### #†#
#........# #.#
##..####'## #.#
##@# #...## ##.##
#H# ###..## #....
#F.# #...## #...#
#.... #....###...(
#....##....+......
#.....#....###..<.
##....#...## ###.#
....#..## #....
##..#.######.#.#


You could see a hippogriff and a bullfrog.

Vanquished Creatures
  Edmund (D:5)
  Menkaure (D:5)
  A sky beast (D:5)
  An ogre (D:5)
  A centaur (D:5)
  A gnoll sergeant (D:5)
  2 scorpions
  A bullfrog zombie (D:5)
  A crimson imp (D:4)
  A hound (D:5)
  A centaur skeleton (D:6)
  6 orc priests
  2 jellies
  5 orc wizards
  Ijyb (D:3)
  Terence (D:2)
  Natasha (twice) (D:3)
  3 worker ants
  Robin (D:3)
  8 gnolls
  8 adders
  A howler monkey skeleton (D:4)
  A shadow imp (D:4)
  4 worms
  6 leopard geckos
  18 orcs
  6 bats
  3 giant cockroaches
  9 goblins
  11 hobgoblins
  7 kobolds
  A quokka (D:3)
  10 frilled lizards
  6 rats
132 creatures vanquished.

Notes
Turn   | Place    | Note
-------+----------+-------------------------------------------
     0 | D:1      | Ijustatesigmund the Octopode Fighter began the quest for the Orb.
     0 | D:1      | Reached XP level 1. HP: 16/16 MP: 1/1
   255 | D:1      | Reached XP level 2. HP: 21/21 MP: 2/2
   571 | D:2      | Reached skill level 3 in Maces & Flails
   988 | D:2      | Reached XP level 3. HP: 26/26 MP: 3/3
  1022 | D:2      | Found an ancient bone altar of Kikubaaqudgha.
  1028 | D:2      | Noticed Terence
  1037 | D:2      | Killed Terence
  1037 | D:2      | Reached XP level 4. HP: 9/31 MP: 4/4
  1467 | D:2      | Learned a level 1 spell: Beastly Appendage
  1530 | D:2      | Reached skill level 4 in Maces & Flails
  1634 | D:2      | Found a sacrificial altar of Ru.
  2486 | D:2      | Reached XP level 5. HP: 36/37 MP: 5/5
  2655 | D:3      | Noticed Ijyb
  2666 | D:3      | Killed Ijyb
  2666 | D:3      | Reached skill level 1 in Transmutations
  2949 | D:3      | Noticed Natasha
  2952 | D:3      | Killed Natasha
  2952 | D:3      | Reached XP level 6. HP: 43/43 MP: 6/6
  3000 | D:3      | Noticed Robin
  3006 | D:3      | Reached skill level 5 in Maces & Flails
  3011 | D:3      | Killed Robin
  3531 | D:3      | Noticed Natasha
  3538 | D:3      | Killed Natasha
  3674 | D:3      | Found a shimmering altar of Xom.
  3675 | D:3      | Found a basalt altar of Yredelemnul.
  3675 | D:3      | Found a hazy altar of Hepliaklqana.
  3966 | D:4      | Found an ornate altar of the Wu Jian Council.
  3987 | D:4      | Reached XP level 7. HP: 49/49 MP: 7/7
  4233 | D:4      | Reached skill level 6 in Maces & Flails
  4250 | D:4      | Reached skill level 5 in Fighting
  4259 | D:4      | Found a shadowy altar of Dithmenos.
  4305 | D:4      | Found a bloodstained altar of Trog.
  4405 | D:5      | Entered Level 5 of the Dungeon
  4903 | D:5      | Reached skill level 7 in Maces & Flails
  4972 | D:5      | Reached XP level 8. HP: 39/56 MP: 8/8
  5151 | D:5      | Reached skill level 8 in Maces & Flails
  5348 | D:5      | Noticed Menkaure
  5356 | D:5      | Killed Menkaure
  5357 | D:5      | Found a white marble altar of Elyvilon.
  5799 | D:5      | Noticed Edmund
  5820 | D:5      | Killed Edmund
  5832 | D:5      | Reached skill level 9 in Maces & Flails
  6293 | D:6      | Noticed a hippogriff
  6303 | D:6      | Slain by a hippogriff

Vault maps used:
D:1:      lightli_arrival_farm
D:2:      kiku_gazebo_garden_becter, first_bread, nicolae_ru_path_of_blood,
          uniq_terence
D:3:      gammafunk_temple_overflow_claw, uniq_natasha, uniq_robin, uniq_ijyb
D:4:      kb_forest_paths, bloody_trog, grunt_dithmenos_shadows,
          marbit_many_paths
D:5:      lemuel_round_altar, uniq_edmund, uniq_menkaure
D:6:      minmay_opposing_rooms

Skill      XL: |  1  2  3  4  5  6  7  8 |
---------------+-------------------------+-----
Maces & Flails | 3 4 5 7 9 |  9.2
Fighting       | 4 5 6 |  6.7
Transmutations | 1 |  1.9
Dodging        | |  3.0
Shields        | |  3.0

Action                   |  1- 3 |  4- 6 |  7- 9 || total
-------------------------+-------+-------+-------++-------
Melee: Flail             |    46 |   129 |   138 ||   313
       Constrict         |    13 |    41 |    27 ||    81
       Tentacles         |     9 |    31 |    24 ||    64
Evoke: Wand              |       |     1 |     4 ||     5
  Use: Potion            |     3 |     1 |     1 ||     5
       Scroll            |     2 |     5 |     4 ||    11
 Stab: Sleeping          |     2 |    11 |     6 ||    19
       Confused          |       |       |     1 ||     1
  Eat: Chunk             |       |     9 |     5 ||    14
       Royal jelly       |       |       |     2 ||     2
Armor: Skin              |     3 |     5 |     4 ||    12
Dodge: Dodged            |    25 |    34 |    65 ||   124
Block: Shield            |    30 |    53 |    59 ||   142
